 Dungeon Crawl Stone Soup version 0.28.0-45-g0d030f2227 (webtiles) character file.

Game seed: 14048172754236312100

70 Peloso the Covered (level 4, 36/36 HPs)
             Began as a Minotaur Fighter on Apr 7, 2022.
             Got out of the dungeon alive.
             The game lasted 00:03:12 (1768 turns).

Peloso the Covered (Minotaur Fighter)               Turns: 1768, Time: 00:03:13

Health: 36/36      AC:  7    Str: 22    XL:     4   Next: 4%
Magic:  3/3        EV:  9    Int:  5    God:
Gold:   16         SH:  5    Dex: 12    Spells: 3/3 levels left

rFire   . . .      SeeInvis .   a - +0 long sword
rCold   . . .      Faith    .   c - +0 buckler
rNeg    . . .      Spirit   .   b - +0 scale mail
rPois   .          Reflect  .   (helmet restricted)
rElec   .          Harm     .   (no cloak)
rCorr   .          Rampage  .   (no gloves)
Will    .....      Clarity  +   (no boots)
Stlth   ..........              (no amulet)
HPRegen 0.12/turn               (no ring)
MPRegen 0.08/turn               (no ring)

@: no status effects
A: horns 2, retaliatory headbutt, clarity, frail 1, strong 1
a: no special abilities


You escaped.
You visited 1 branch of the dungeon, and saw 2 of its levels.

You collected 16 gold pieces.

Inventory:

Hand Weapons
 a - a +0 long sword (weapon)
Armour
 b - a +0 scale mail (worn)
 c - a +0 buckler (worn)
Potions
 d - a potion of might


   Skills:
 + Level 4.3 Fighting
 + Level 3.2 Long Blades
 + Level 4.4 Armour
 + Level 0.7 Dodging
 + Level 0.1 Stealth
 + Level 4.0 Shields


You had 3 spell levels left.
You didn't know any spells.
Your spell library contained the following spells:

 Spells                   Type           Power      Damage    Failure   Level
 Sandblast                Erth           0%         2d4       87%         1
 Passwall                 Tmut/Erth      0%         N/A       95%         2
 Stone Arrow              Conj/Erth      0%         3d7       99%         3


Dungeon Overview and Level Annotations

Branches:
Dungeon (2/15)

Altars:


Innate Abilities, Weirdness & Mutations

You have a pair of horns on your head.
You reflexively headbutt those who attack you in melee.
You possess an exceptional clarity of mind.
You are frail. (-10% HP)
Your muscles are strong. (Str +2)


Message History

You block the quokka's attack.
You closely miss the quokka. The quokka bites you.
The quokka bites you but does no damage.
You slash the quokka!
You kill the quokka!
You have reached level 4!
You feel agile.
Found 25 stones.
A kobold comes into view. It is wielding a +0 dagger.
The kobold shouts!
A kobold is nearby!
A kobold is nearby!
Found 13 stones.
The kobold hits you but does no damage.
You closely miss the kobold. You block the kobold's attack.
You hit the kobold.
You kill the kobold!
Things that are here:
a +0 dagger; 4 stones A quokka comes into view.
A quokka is nearby!
A quokka is nearby!
There's nothing to open nearby.
You block the quokka's attack.
You slash the quokka!
You kill the quokka!
(D) Dungeon
Where to? (Enter - D:12, ? - help)
What level of the Dungeon? (default 1, ? - help)
You see here 16 arrows.
There is a stone staircase leading up here.
You climb upwards.
There is a stone staircase leading down here.
You open the door.
There is an open door here.
There is an open door here.
There is an empty arch of ancient stone here.
There is a staircase leading out of the dungeon here.
Are you sure you want to leave the Dungeon?
This will make you lose the game!
You have escaped!

#.# #.# #.#.##.# #.# #.#
#.#.##.# #.# ##.## #......#
#.# #...########.####
##.#############........#.#
...#...........#..#####.#.#
####.8.♣.8.♣.8.##.#####.#.#
###.............####......#
..∩.≈≈≈≈≈≈≈≈≈≈≈.@#...##.###
###.............#######.#
##.8.♣.8.♣.8.##......>#
#...........##########
################
#..##.##.......#
#..##.##.#.#.#.#
#......#.#.#.#.#
#............#.# ###


There were no monsters in sight!

Vanquished Creatures
  2 adders (D:2)
  4 dart slugs (D:1)
  3 bats (D:1)
  3 endoplasms
  8 goblins
  4 hobgoblins
  3 quokkas
  3 ball pythons (D:1)
  3 frilled lizards (D:1)
  4 kobolds
  4 rats
41 creatures vanquished.

Notes
Turn   | Place    | Note
-------+----------+-------------------------------------------
     0 | D:1      | Peloso the Minotaur Fighter began the quest for the Orb.
     0 | D:1      | Reached XP level 1. HP: 19/19 MP: 0/0
   199 | D:1      | Reached XP level 2. HP: 27/27 MP: 1/1
   314 | D:1      | Found a faded altar of an unknown god.
   658 | D:1      | Reached XP level 3. HP: 28/33 MP: 2/2
  1065 | D:1      | Gained mutation: You possess an exceptional clarity of
                  | mind. [potion of mutation]
  1065 | D:1      | Gained mutation: You are frail. (-10% HP) [potion of
                  | mutation]
  1065 | D:1      | Gained mutation: Your muscles are strong. (Str +2) [potion
                  | of mutation]
  1619 | D:2      | Reached XP level 4. HP: 33/36 MP: 3/3
  1768 | D:$      | Got out of the dungeon alive.

Illustrated notes

Levels and vault maps discovered:
D:1:      mainiacjoe_arrival_reflecting_pool, layout_loops_corners,
          ebering_ecumenical_altar_box
D:2:      layout_loops_cross, minmay_lizard_pond, uniq_terence

Skill      XL: |  1  2  3 |
---------------+----------+-----
Armour         | 4 |  4.4
Fighting       | 4 |  4.3
Long Blades    | 3 |  3.2
Shields        | 4 |  4.0
Dodging        | |  0.7
Stealth        | |  0.1

Action                   |  1- 3 |  4- 6 || total
-------------------------+-------+-------++-------
Melee: Long sword        |    89 |     3 ||    92
       Headbutt          |    10 |       ||    10
  Use: Scroll            |     1 |       ||     1
       Potion            |     1 |       ||     1
Armor: Scale mail        |    40 |     1 ||    41
Dodge: Dodged            |    42 |       ||    42
Block: Buckler           |    14 |     2 ||    16
